 Dungeon Crawl Stone Soup version 0.30-a0-457-g4b7bca3bfa (webtiles) character file.

Game seed: 9000880244546505447

1066 Jackthecabe the Conjurer (level 7, -1/50 HPs)
             Began as a Demigod Conjurer on Dec 12, 2022.
             Slain by a kobold brigand
             ... wielding a +0 dagger
              (7 damage)
             ... in a sewer on Dec 13, 2022.
             The game lasted 00:12:04 (6257 turns).

Jackthecabe the Conjurer (Demigod Conjurer)         Turns: 6257, Time: 00:12:05

Health: -1/50      AC:  4    Str:  7 (8)  XL:     7   Next: 79%
Magic:  23/23      EV: 12    Int: 25 (28) God:
Gold:   360        SH:  0    Dex: 11 (12) Spells: 5/12 levels left

rFire   . . .      SeeInvis .    k - +2 dagger (venom)
rCold   . . .      Faith    .    (no shield)
rNeg    . . .      Spirit   .    a - +0 robe
rPois   .          Reflect  .    (no helmet)
rElec   .          Harm     .    g - +0 cloak
rCorr   .          Rampage  .    (no gloves)
Will    .....                    d - +0 pair of boots
Stlth   +.........               C - amulet of magic regeneration
HPRegen 0.28/turn                M - ring of magical power
MPRegen 0.58/turn                (no ring)

@: confused, ambrosia-drunk, hasted, very quick
A: high MP 1, forlorn, divine attributes
a: no special abilities


You were in a sewer.
You visited 1 branch of the dungeon, and saw 5 of its levels.
You also visited: Sewer.

You collected 360 gold pieces.


Innate Abilities, Weirdness & Mutations

You have an increased reservoir of magic. (+10% MP)
You shall have no god before yourself.
Your divine heritage dramatically boosts your attributes as you level up.


   Skills:
 - Level 1.7 Dodging
 - Level 1.7 Stealth
 - Level 3.0 Spellcasting
 + Level 6.5 Conjurations
 - Level 6.0 Hexes


You had 5 spell levels left.
You knew the following spells:

 Your Spells              Type           Power      Damage    Failure   Level
f - Fulminant Prism       Conj/Hex       17%        3d10      8%          4
m - Magic Dart            Conj           100%       1d8       1%          1
s - Searing Ray           Conj           72%        2d7       1%          2

Your spell library contained the following spells:

 Spells                   Type           Power      Damage    Failure   Level
 Dazzling Flash           Conj/Hex       70%        N/A       2%          3
 Momentum Strike          Conj/Tloc      40%        3d9       4%          2
 Blink                    Tloc           6%         N/A       16%         2
 Iskenderun's Mystic Bla  Conj/Tloc      20%        2d6       26%         4
 Ignite Poison            Fire/Tmut/Pois 3%         N/A       30%         3
 Kindle Blastsparks       Fire/Tloc/Air  6%         2d10      30%         3
 Lesser Beckoning         Tloc           6%         N/A       30%         3
 Freezing Cloud           Conj/Ice/Air   7%         6-21      75%         5

Inventory:

Hand Weapons
 k - a +2 dagger of venom (weapon)
Missiles
 r - 4 throwing nets {=f}
 y - a curare-tipped dart {=f}
Armour
 a - a +0 robe (worn)
 d - a +0 pair of boots (worn)
 g - a +0 cloak (worn)
Jewellery
 i - an amulet of the acrobat
 C - an amulet of magic regeneration (around neck)
 M - a ring of magical power (left hand)
Wands
 x - a wand of roots (3)
 F - a wand of mindburst (11)
Scrolls
 e - a scroll of amnesia {unknown}
 h - a scroll of vulnerability {unknown}
 m - a scroll of fear {unknown}
 n - 3 scrolls of identify {unknown}
 o - 2 scrolls of enchant weapon {unknown}
 p - a scroll of noise {unknown}
 q - a scroll of teleportation {unknown}
 w - a scroll of poison {unknown}
 B - a scroll of torment {unknown}
Potions
 b - a potion of magic
 c - a potion of haste {@q3}
 f - 2 potions of degeneration
 j - a potion of lignification {unknown}
 l - 2 potions of attraction {unknown}
 s - 2 potions of might
 t - a potion of curing {unknown}
 v - a potion of berserk rage {unknown}
 z - a potion of cancellation
 A - a potion of brilliance {unknown}
 D - a potion of mutation {unknown}
 E - 2 potions of heal wounds {unknown}

Dungeon Overview and Level Annotations

Branches:
Dungeon (5/15)             Temple (0/1) D:4           Sewer (1/1)

Annotations:
D:3 2 transporters, Sigmund

▒≈...≈▒ ###### ▒≈...≈▒
≈≈≈~.+ ▒≈...≈▒
≈≈≈~.#.≈≈#▒≈...≈▒
≈≈≈~.#.~≈#▒≈...~▒
≈≈≈~.#..~#▒≈...~▒
≈≈~..#.~≈#▒▒'''▒▒
≈≈...#.~≈#▒.....▒▒
##.####)#▒▒..§..@▒
...≈≈#...▒)....§.)).....
..≈≈≈≈.).'.§.⚑...'......
...≈≈#...▒.....§.'......
≈#.####.#▒▒..§...▒≈~≈≈~≈
≈~...#).≈#▒.....▒▒▒▒▒▒▒▒
≈≈~..#.~≈#▒▒+++▒▒
≈≈≈..#.~≈# ≈≈≈≈.#.~≈#


There were no monsters in sight!


Message History

Your magical effects are unravelling.
You feel magically purged.
You feel less invigorated.
You feel yourself speed up.
You feel less confused.
You feel a little less mighty now.
You feel sick. Something hits you.
* * * LOW HITPOINT WARNING * * *
Something hits you.
* * * LOW HITPOINT WARNING * * *
Unknown command.
Unknown command.
It was a potion of haste.
You feel yourself speed up.
* * * LOW HITPOINT WARNING * * *
You feel sick. Something barely misses you.
You are confused.
You feel invigorated.
Unknown command.
You miss something.
You feel sick. Something hits you.
* * * LOW HITPOINT WARNING * * *
Unknown command.
You miss something.
You feel sick. Something hits you.
* * * LOW HITPOINT WARNING * * *
Unknown command.
You hit something.
You bump into the stone wall.
You feel sick.
You are no longer poisoned.
Something hits you.
* * * LOW HITPOINT WARNING * * *
Unknown command.
You completely miss something. Something hits you!
You die...

Skill      XL: |  1  2  3  4  5  6  7 |
---------------+----------------------+-----
Spellcasting   | 2 3 |  3.0
Conjurations   | 4 5 6 |  6.5
Hexes          | 1 2 4 6 |  6.0
Dodging        | |  1.7
Stealth        | |  1.7

Action                   |  1- 3 |  4- 6 |  7- 9 || total
-------------------------+-------+-------+-------++-------
Melee: Dagger            |       |    22 |     4 ||    26
Throw: Throwing net      |       |     1 |       ||     1
 Cast: Magic Dart        |   109 |   136 |    85 ||   330
       Searing Ray       |     4 |    13 |     8 ||    25
       Fulminant Prism   |       |       |     1 ||     1
  Use: Potion            |       |       |     6 ||     6
 Stab: Held in net/web   |       |     1 |       ||     1
Armor: Robe              |       |     7 |     6 ||    13
Dodge: Dodged            |    13 |    62 |    24 ||    99

Levels and vault maps discovered:
D:1:      wander_arrival_chamber, layout_loops_ring
D:2:      layout_basic
D:3:      gammafunk_steamed_eel, layout_loops_ring,
          lemuel_coloured_pillars_altar, nicolae_grassy_gnolls, uniq_sigmund
D:4:      lemuel_castle_with_subvaults [lemuel_castle_interior_carwin_2],
          layout_basic, minmay_temple_entry_fiery, uniq_ijyb
D:5:      layout_gridville, gup_sewer_entry_bowl
Sewer:    kennysheep_sewer_church

Notes
Turn   | Place    | Note
-------+----------+-------------------------------------------
     0 | D:1      | Jackthecabe the Demigod Conjurer began the quest for the
                  | Orb.
     0 | D:1      | Reached XP level 1. HP: 14/14 MP: 5/5
   114 | D:1      | Reached skill level 2 in Spellcasting
   317 | D:1      | Reached XP level 2. HP: 20/20 MP: 2/7
   387 | D:1      | Learned a level 2 spell: Searing Ray
   793 | D:1      | Reached skill level 4 in Conjurations
  1673 | D:2      | Reached XP level 3. HP: 26/26 MP: 3/9
  2383 | D:3      | Noticed Sigmund
  2756 | D:3      | Found a transporter.
  2850 | D:3      | Reached skill level 3 in Spellcasting
  2850 | D:3      | Reached XP level 4. HP: 30/33 MP: 1/11
  3243 | D:3      | Found a transporter.
  3341 | D:4      | Learned a level 4 spell: Fulminant Prism
  3384 | D:4      | Noticed Ijyb
  3393 | D:4      | Killed Ijyb
  3538 | D:4      | Reached skill level 1 in Hexes
  3622 | D:4      | Reached skill level 5 in Conjurations
  3756 | D:4      | Reached XP level 5. HP: 38/38 MP: 4/12
  3841 | D:4      | Reached skill level 2 in Hexes
  4116 | D:4      | Reached XP level 6. HP: 45/45 MP: 8/13
  4396 | D:4      | Reached skill level 3 in Hexes
  4548 | D:4      | Reached skill level 6 in Conjurations
  4827 | D:4      | Reached skill level 4 in Hexes
  4978 | D:4      | Found a staircase to the Ecumenical Temple.
  5160 | D:4      | Reached XP level 7. HP: 9/50 MP: 9/14
  5617 | D:5      | Entered Level 5 of the Dungeon
  5745 | D:5      | Reached skill level 5 in Hexes
  5865 | D:5      | Reached skill level 6 in Hexes
  6022 | D:5      | Found a glowing drain.
  6026 | Sewer    | Entered a sewer
  6248 | Sewer    | HP: 2/50 [something (8)]
  6253 | Sewer    | HP: 3/50 [something (3)]
  6257 | Sewer    | Slain by a kobold brigand

Vanquished Creatures
  An ogre (D:5)
  A phantom (D:5)
  A kobold brigand (D:4)
  A bullfrog (D:5)
  A scorpion (D:4)
  4 howler monkeys (D:4)
  A hound (D:5)
  2 quasits (Sewer)
  2 gnoll boudas (D:4)
  An orc wizard (D:4)
  Ijyb (D:4)
  17 gnolls
  An adder (D:3)
  A shadow imp (Sewer)
  4 ufetubi (Sewer)
  5 worms
  5 dart slugs
  23 orcs
  7 endoplasms
  6 giant cockroaches
  2 goblins
  6 hobgoblins
  14 jackals (D:4)
  5 ball pythons
  A bat (Sewer)
  21 kobolds
  A kobold zombie (Sewer)
  6 rats
141 creatures vanquished.

Vanquished Creatures (others)
  A giant cockroach zombie (Sewer)
  A fulminant prism (D:5)
  17 plants
19 creatures vanquished.

Grand Total: 160 creatures vanquished

Table legend: (Time is in decaauts)
 A = Elapsed time spent in this place.
 B = Non-inter-level travel time spent in this place.
 C = Inter-level travel time spent in this place.
 D = Time resting spent in this place.
 E = Time spent auto-exploring this place.
 F = Levels seen in this place.
 G = Mean time per level.
                   A        B        C        D        E       F      G
               +--------+--------+--------+--------+--------+-----+--------+
         Total |   6277 |   6090 |    187 |    520 |   4412 |   6 | 1046.2 |
       Dungeon |   6044 |   5857 |    187 |    520 |   4272 |   5 | 1208.8 |
         Sewer |    233 |    233 |      0 |      0 |    140 |   1 |  233.0 |
               +--------+--------+--------+--------+--------+-----+--------+

Top non-repeatable levels by time:
     D:4: 2368 daAuts
     D:3: 1211 daAuts
     D:2: 1041 daAuts
     D:1: 1011 daAuts
     D:5: 411 daAuts
   Sewer: 233 daAuts

Table legend:
 A = Non-vault XP
 B = Vault XP
 C = Vault XP percentage of total XP
 D = Non-vault monster count
 E = Vault monster count
 F = Vault count percentage of total count
                 A         B        C        D         E       F
            +---------+---------+-------+---------+---------+-------
      Total |     591 |     933 |  61.2 |      58 |      83 |  58.9
            +---------+---------+-------+---------+---------+-------
        D:1 |      29 |       0 |   0.0 |      17 |       0 |   0.0
        D:2 |      29 |       0 |   0.0 |      12 |       0 |   0.0
        D:3 |      42 |      43 |  50.6 |      12 |       3 |  20.0
        D:4 |      93 |     729 |  88.7 |       3 |      52 |  94.5
        D:5 |     398 |       1 |   0.3 |      14 |       1 |   6.7
      Sewer |       0 |     160 | 100.0 |       0 |      27 | 100.0
            +---------+---------+-------+---------+---------+-------
